 Dungeon Crawl Stone Soup version 0.18-a0-1805-g8ab820f (webtiles) character file.

497 warlockg3 the Ruffian (level 6, -4/49 HPs)
             Began as a Draconian Transmuter on Apr 26, 2016.
             Slain by a fire bat (7 damage)
             ... led by Pikel
             ... on level 4 of the Dungeon.
             The game lasted 00:29:33 (6224 turns).

warlockg3 the Ruffian (Draconian Transmuter)        Turns: 6224, Time: 00:29:33

Health: -4/49      AC:  7    Str: 14    XL:     6   Next: 93%
Magic:  18/20      EV: 13    Int: 14    God:
Gold:   212        SH:  0    Dex: 13    Spells: 3 memorised, 6 levels left

rFire  . . .     SeeInvis .       - Unarmed
rCold  . . .     Gourm    .     (armour unavailable)
rNeg   . . .     Faith    .     (no shield)
rPois  .         Spirit   .     (helmet restricted)
rElec  .         Dismiss  .     j - +0 cloak
rCorr  .         Reflect  .     (no gloves)
SustAt .         Harm     .     (no boots)
MR     .....                    (no amulet)
Stlth  +.........               m - +2 ring of dexterity
                                l - ring of magical power

@: not resistant to hostile enchantments, very unstealthy
A: unfitting armour, cold-blooded, AC +6
a: no special abilities


You were on level 4 of the Dungeon.
You were hungry.

You visited 1 branch of the dungeon, and saw 4 of its levels.

You collected 212 gold pieces.

Inventory:

Hand Weapons
 c - a +0 dagger
 q - a +4 dagger
 s - a +1 spear
Armour
 j - a +0 cloak (worn)
Jewellery
 l - a ring of magical power (left hand)
 m - a +2 ring of dexterity (right hand)
Wands
 i - a wand of flame (27/48)
 n - a wand of polymorph (3/24)
Scrolls
 d - 7 scrolls of identify
 e - 3 scrolls of recharging
 f - 2 scrolls of remove curse
 g - a scroll of enchant weapon
Potions
 h - a potion of invisibility
Books
 b - a book of Changes

   Spells                             Type                      Level
   a - Beastly Appendage              Transmutation                1
   b - Sticks to Snakes               Transmutation                2
   c - Spider Form                    Transmutation/Poison         3
   d - Ice Form                       Ice/Transmutation            4
   e - Blade Hands                    Transmutation                5
Comestibles
 t - a fruit
 v - a meat ration
 w - a beef jerky


   Skills:
 + Level 2.3 Fighting
 + Level 3.9 Dodging
 + Level 4.4 Unarmed Combat
 * Level 3.8 Spellcasting
 + Level 3.4 Transmutations
 + Level 0.6 Poison Magic


You had 6 spell levels left.
You knew the following spells:

 Your Spells              Type           Power        Failure   Level  Hunger
a - Beastly Appendage     Trmt           ##....       6%          1    None
b - Sticks to Snakes      Trmt           ##......     10%         2    ##.....
c - Spider Form           Trmt/Pois      #.........   30%         3    ###....


Dungeon Overview and Level Annotations

Branches:
Dungeon (4/15)
 Temple: D:4-7

Altars:
Ashenzari
Elyvilon
Kikubaaqudgha
Makhleb
Pakellas
Sif Muna
Trog

Annotations:
D:4 Pikel


Innate Abilities, Weirdness & Mutations

Your plain brown scales are hard (AC +6).
Your body does not fit into most forms of armour.
You are cold-blooded and may be slowed by cold attacks.


Message History

The fire bat struggles to escape constriction. x2
Your ball python bites the fire bat.
Your ball python constricts the fire bat.
The fire bat struggles to escape constriction.
The fire bat struggles to escape constriction. x2
Your ball python bites the fire bat.
Your ball python constricts the fire bat.
The fire bat struggles to escape constriction.
The fire bat struggles to escape constriction. x2
Your ball python barely misses the fire bat.
Your ball python constricts the fire bat.
The fire bat struggles to escape constriction.
Your ball python bites something.
Your ball python constricts something.
Your ball python bites something.
Your ball python constricts something.
The fire bat bites you.
You are engulfed in flames!
* * * LOW HITPOINT WARNING * * *
The fire bat bites you.
* * * LOW HITPOINT WARNING * * *
You are engulfed in flames!
You die...

#.........,,,,,,*
#.........,,,,,,*
#.........,,,,,,*
#########.........,,,,,,*
#SbpK[pp..........,,,,,,*
#.#######.........,,,,,,*
#.# #.########*******
#.#######'## #.K.....b@.#
########...# ##### ##
#...# #...########. #...#
#.........##. #####
#.........##.
#.........##.
##...........
#........### #........#


You could see Pikel and a fire bat.

Vanquished Creatures
  A hound (D:4)
  A centaur skeleton (D:3)
  3 orc wizards (D:4)
  2 worker ants (D:4)
  9 adders
  3 oozes
  2 worms (D:2)
  A dart slug (D:2)
  4 giant geckos (D:3)
  8 orcs
  11 bats
  A giant cockroach (D:3)
  10 goblins
  5 hobgoblins
  9 jackals
  A quokka (D:2)
  2 ball pythons
  A giant newt (D:1)
  5 kobolds
  12 rats
91 creatures vanquished.

Vanquished Creatures (collateral kills)
  2 scorpions (D:4)
  A hound (D:4)
  An orc wizard (D:4)
  An iguana (D:4)
  A worker ant (D:3)
  2 worms
  A bat (D:2)
  A goblin (D:2)
  4 rats (D:3)
14 creatures vanquished.

Grand Total: 105 creatures vanquished

Notes
Turn   | Place    | Note
--------------------------------------------------------------
     0 | D:1      | warlockg3 the Draconian Transmuter began the quest for the Orb.
     0 | D:1      | Reached XP level 1. HP: 16/16 MP: 3/3
   412 | D:1      | Reached XP level 2. HP: 20/23 MP: 5/5
   849 | D:2      | Learned a level 2 spell: Sticks to Snakes
   919 | D:2      | Reached XP level 3. HP: 25/28 MP: 6/6
  2093 | D:2      | Reached XP level 4. HP: 30/36 MP: 7/7
  2175 | D:2      | Found an oddly glowing altar of Pakellas.
  2524 | D:2      | Learned a level 3 spell: Spider Form
  2774 | D:3      | Found a burning altar of Makhleb.
  2774 | D:3      | Noticed a balrug
  2788 | D:3      | Noticed a neqoxec
  2788 | D:3      | Noticed a hellwing
  2864 | D:3      | Reached skill level 4 in Unarmed Combat
  2951 | D:3      | Found an ancient bone altar of Kikubaaqudgha.
  2975 | D:3      | Found a shattered altar of Ashenzari.
  3256 | D:3      | Reached XP level 5. HP: 36/41 MP: 8/8
  3309 | D:3      | Noticed a moth of wrath
  3312 | D:3      | Found a bloodstained altar of Trog.
  5050 | D:4      | Reached XP level 6. HP: 43/48 MP: 7/10
  5501 | D:4      | Found a deep blue altar of Sif Muna.
  6110 | D:4      | Found a white marble altar of Elyvilon.
  6189 | D:4      | Noticed a slave
  6190 | D:4      | Noticed Pikel
  6190 | D:4      | Noticed a slave
  6191 | D:4      | Noticed a slave
  6193 | D:4      | Noticed a slave
  6207 | D:4      | Noticed a fire bat
  6207 | D:4      | a slave changed into a fire bat
  6224 | D:4      | Slain by a fire bat

Vault maps used:
D:1:      dpeg_arrival_lava_altar
D:2:      lemuel_round_altar
D:3:      kiku_gazebo_pond_becter, nicolae_overflow_crystal_walls,
          makhleb_altar_promises_db, hex_medium, tgw_trog
D:4:      old_standard_altar, led_sif_book, uniq_pikel

Skill      XL: |  1  2  3  4  5  6 |
---------------+-------------------+-----
Dodging        | 2 3 |  3.9
Fighting       | 2 |  2.3
Unarmed Combat | 4 |  4.4
Transmutations | 3 |  3.4
Spellcasting   | 3 |  3.8
Poison Magic   | |  0.6

Action                   |  1- 3 |  4- 6 || total
-------------------------+-------+-------++-------
Melee: Unarmed           |   137 |   277 ||   414
       Tailslap          |     9 |    27 ||    36
       Headbutt          |     5 |     4 ||     9
       Kick              |     4 |     8 ||    12
       Punch             |     1 |     4 ||     5
 Cast: Beastly Appendage |     7 |    11 ||    18
       Sticks to Snakes  |     2 |    35 ||    37
       Spider Form       |       |     6 ||     6
Evoke: Wand              |       |     1 ||     1
  Use: Scroll            |       |     7 ||     7
       Potion            |       |     3 ||     3
 Stab: Sleeping          |     1 |       ||     1
       Distracted        |       |     1 ||     1
  Eat: Chunk             |     1 |     1 ||     2
       Bread ration      |     1 |       ||     1
       Meat ration       |       |     2 ||     2
       Beef jerky        |       |     1 ||     1
       Fruit             |       |     3 ||     3
Armor: Skin              |    63 |    92 ||   155
Dodge: Dodged            |   123 |   236 ||   359
